AoeStats
← C a b a l l e r o

Arabia

509997926Analyzed
1v1 RM · 4d ago on Sep 29, 2026· 32m 1s· 2 players
Game mode
Random Map
Map size
Tiny (2 player)
Population
200
Speed
Normal
Resources
Standard
Victory
Conquest
Starting age
Dark Age
Ending age
Imperial Age
RankedLock teamsTeams togetherTeam positionsShared explorationLock speedFull tech treeHidden civsTurbo modeCheats
Victory
Defeat
🇧🇷 Saracens · Brazil
1139
+17
🇨🇴 Ethiopians · Colombia
1155
-17
C a b a l l e r o
0:26 Loom
9:33 Feudal Age
19:04 Fletching
26:06 Castle Age
25:06 Padded Archer Armor
26:14 Crossbowman
27:13 Bodkin Arrow
27:33 Leather Archer Armor
29:37 Ballistics
29:33 Elite Skirmisher
32:01 Double-Bit Axe
HaroldHavoc
5:56 Loom
8:54 Feudal Age
10:20 Double-Bit Axe
15:50 Fletching
18:06 Padded Archer Armor
19:35 Wheelbarrow
23:23 Castle Age
24:00 Bodkin Arrow
23:27 Crossbowman
25:10 Crossbowman
28:26 Leather Archer Armor
Connection lost

Rejoining the realm…

Still unreachable

The connection could not be restored.

Session expired

The server has moved on; the page needs a fresh start.